 Dungeon Crawl Stone Soup version 0.31-a0-210-gccc998df9b (webtiles) character file.

Game seed: 899013740055599471

11204 qw the Cleaver (level 11, -3/71 HPs)
             Began as a Gargoyle Fighter on June 30, 2023.
             Was an Elder of Okawaru.
             Slain by a tengu warrior
             ... wielding a +0 battleaxe
              (7 damage)
             ... on level 9 of the Dungeon.
             The game lasted 00:05:38 (8776 turns).

qw the Cleaver (Gargoyle Fighter)                   Turns: 8776, Time: 00:05:38

Health: -3/71      AC: 35    Str: 23    XL:     11   Next: 74%
Magic:  14/14      EV:  9    Int: 10    God:    Okawaru [****..]
Gold:   552        SH:  6    Dex:  9    Spells: 10/10 levels left

rFire   + . .        Y - +1 war axe (protect)
rCold   . . .        c - +0 buckler
rNeg    + . .        m - +0 plate armour
rPois   inf          f - +1 helmet
rElec   +            j - +0 cloak
rCorr   .            (no gloves)
SInv    +            (no boots)
Will    .....        (no amulet) Stlth
                     v - ring of see invisible
HPRegen 0.31/turn    i - ring of protection from fire
MPRegen 0.14/turn

%: no passive effects
@: heroic, under a protective aura
A: sickness immunity, AC +8, negative energy resistance 1, electricity
resistance, torment resistance 1, petrification resistance
a: Renounce Religion, Heroism, Finesse


You were on level 9 of the Dungeon.
You worshipped Okawaru.
Okawaru was greatly pleased with you.
You visited 1 branch of the dungeon, and saw 9 of its levels.
You also visited: Ossuary.

You collected 552 gold pieces.


Innate Abilities, Weirdness & Mutations

You are immune to sickness and miasma.
Your stone body is resilient. (AC +8)
You are immune to poison.
You resist negative energy. (rN+)
You are resistant to electric shocks. (rElec)
You are resistant to unholy torment.
You are immune to petrification.


   Skills:
 - Level 9.0(14.0) Fighting
 - Level 12.0(17.0) Axes
 - Level 2.3(7.3) Throwing
 + Level 8.6(13.6) Armour
 - Level 2.1(7.1) Dodging
 - Level 6.0(11.0) Shields
 + Level 4.8 Invocations


You had 10 spell levels left.
You didn't know any spells.
Your spell library was empty.

Inventory:

Hand Weapons
 o - a +0 demon whip of venom
 t - a +1 flail of holy wrath
 Y - a +1 war axe of protection (weapon)
Missiles
 h - 2 silver boomerangs (quivered)
 k - 2 boomerangs
Armour
 c - a +0 buckler (worn)
 f - a +1 helmet (worn)
 j - a +0 cloak (worn)
 m - a +0 plate armour (worn)
Jewellery
 i - a ring of protection from fire (right hand)
 v - a ring of see invisible (left hand)
 w - a ring of resist corrosion
Scrolls
 l - a scroll of identify
Potions
 a - a potion of resistance
 b - a potion of enlightenment
 d - a potion of might
 e - a potion of magic
 g - a potion of mutation
 n - a potion of ambrosia {unknown}
 p - 2 potions of attraction {unknown}
 s - a potion of cancellation
 u - 2 potions of lignification

Dungeon Overview and Level Annotations

Branches:
Dungeon (9/15)             Temple (0/1) D:4            Lair (0/5) D:9
Ossuary (visited)
    Orc: D:9-12

Altars:
Okawaru
Xom
Yredelemnul


Message History

The poisoned dart barely misses the quasit.
You block the orc warrior's attack.
You hit the orc warrior.
The orc warrior is severely wounded.
You hit the soul eater. You hit the tengu warrior.
The soul eater hits you but does no damage.
You closely miss the orc warrior.
The orc warrior is severely wounded.
You hit the tengu warrior. You hit the soul eater. You miss the quasit.
You block the orc warrior's attack.
The soul eater hits you but does no damage.
You block the tengu warrior's attack. The tengu warrior barely misses you.
The tengu warrior claws you but does no damage.
You closely miss the orc warrior.
The orc warrior is severely wounded.
You hit the soul eater but do no damage.
You hit the quasit. You hit the tengu warrior.
The kobold demonologist gestures wildly while chanting.
The orc warrior hits you but does no damage.
You block the soul eater's attack.
The tengu warrior hits you but does no damage.
The tengu warrior pecks you but does no damage.
The tengu warrior claws you but does no damage.
You hit the orc warrior.
The orc warrior is almost dead.
You closely miss the kobold brigand. You barely miss the tengu warrior.
You hit the soul eater. You hit the tengu warrior.
The kobold brigand hits you but does no damage.
You closely miss the orc warrior.
The orc warrior is almost dead.
You slash the kobold brigand! The tengu warrior blocks your attack.
You hit the soul eater but do no damage.
You slash the tengu warrior!
The orc warrior hits you but does no damage.
The tengu warrior hits you but does no damage.
The tengu warrior barely misses you.
The tengu warrior claws you but does no damage.
The soul eater hits you but does no damage.
The tengu warrior hits you with a +0 battleaxe!
You die...

...............
.........######
......#..# .!...
...P..#..# ### y....
.....###.# #~#......
#...####.######+#~#.....#
...#...#./......#~#z....#
...#...#........Q35K4...#
...#...'.......K@Q5go...#
~..###+#........Do5.....#
~~~.............#~#......
..~~..#####..####~# #####
...~~.# #..# ### ~~~.###
#..# ~#### #..# ~# ####
##


You could see a soul eater (summoned), 2 tengu warriors, an ice devil
(summoned), a kobold demonologist, a steam dragon, an orc warrior, a kobold
brigand, a gnoll sergeant, an iron imp (summoned), a wight, an orc wizard, a
quasit (summoned) and an ufetubus (summoned).

Vanquished Creatures
  A two-headed ogre (D:9)
  Amaemon (D:9)
  A deep elf pyromancer (D:9)
  An orange demon (D:9)
  Maggie (D:9)
  2 hornets
  A troll (D:9)
  2 wyverns (D:9)
  21 yaks
  2 basilisks (D:9)
  3 orc warriors
  A black bear (D:6)
  2 ice beasts
  2 sky beasts
  2 ogres
  6 centaurs
  2 phantoms
  2 kobold brigands
  2 elf zombies (Ossuary)
  7 bullfrogs
  3 scorpions
  12 wights
  11 killer bees
  4 howler monkeys
  2 centaur zombies (Ossuary)
  8 orc priests
  A human zombie (Ossuary)
  2 hounds (D:6)
  2 iguanas (D:7)
  3 sleepcaps
  12 orc wizards
  2 mummies (Ossuary)
  7 gnolls
  12 adders
  A shadow imp (D:5)
  2 white imps
  A worm (D:2)
  A dart slug (D:4)
  39 orcs
  5 ball pythons
  6 bats
  5 endoplasms
  3 giant cockroaches
  5 goblins
  9 hobgoblins
  6 jackals
  10 kobolds
  6 quokkas
  5 frilled lizards
  3 goblin zombies (Ossuary)
  7 hobgoblin zombies (Ossuary)
  A jackal zombie (Ossuary)
  8 kobold zombies (Ossuary)
  11 orc zombies (Ossuary)
  A quokka zombie (D:7)
  3 rats
  3 rat zombies
284 creatures vanquished.

Notes
Turn   | Place    | Note
-------+----------+-------------------------------------------
     0 | D:1      | qw the Gargoyle Fighter began the quest for the Orb.
     0 | D:1      | Reached XP level 1. HP: 14/14 MP: 1/1
     0 | D:1      | 0 ||| qw: Version: 0.3-a-26-gee661ec
     0 | D:1      | 0 ||| qw: Game counter: 7279
     0 | D:1      | 0 ||| qw: Melee chars always use a shield: true
     0 | D:1      | 0 ||| qw: God list: Okawaru
     0 | D:1      | 0 ||| qw: Allow faded altars: false
     0 | D:1      | 0 ||| qw: Do Orc after clearing Dungeon:15 true
     0 | D:1      | 0 ||| qw: Do second Lair branch before Depths: true
     0 | D:1      | 0 ||| qw: Lair rune preference: random
     0 | D:1      | 0 ||| qw: Goals: Normal, Zot:1-4, Slime:5, God:TSO, Crypt,
                  | Tomb, Abyss, Pan, Hells, Win
     0 | D:1      | 0 ||| PLANNING D:1-11
    66 | D:1      | Reached skill level 2 in Axes
    79 | D:1      | Reached XP level 2. HP: 10/19 MP: 2/2
   143 | D:1      | 143 ||| Stepping ~*~*~tactically~*~*~ (stealth).
   144 | D:1      | 144 ||| Stepping ~*~*~tactically~*~*~ (stealth).
   145 | D:1      | 145 ||| Stepping ~*~*~tactically~*~*~ (stealth).
   239 | D:1      | Reached skill level 3 in Axes
   246 | D:1      | 246 ||| DROPPING +0 whip.
   327 | D:1      | Reached XP level 3. HP: 23/23 MP: 3/3
   411 | D:1      | 411 ||| Stepping ~*~*~tactically~*~*~ (hiding).
   533 | D:1      | 533 ||| UPGRADING to +0 helmet.
   538 | D:1      | 538 ||| READING scroll labelled RAVOWO PITEM.
   555 | D:1      | 555 ||| READING scroll labelled YSUERA ZUUSIMES.
   574 | D:2      | 574 ||| STAIRDANCE
   683 | D:2      | 683 ||| Stepping ~*~*~tactically~*~*~ (stealth).
   778 | D:2      | Identified the +6 whip of Kebefar {heavy, *Rage rPois Str+7
                  | Int+2}
   785 | D:2      | 785 ||| DROPPING +6 whip of Kebefar {heavy, *Rage rPois
                  | Str+7 Int+2}.
   834 | D:2      | 834 ||| Stepping ~*~*~tactically~*~*~ (stealth).
   960 | D:2      | 960 ||| Stepping ~*~*~tactically~*~*~ (stealth).
  1012 | D:2      | 1012 ||| Stepping ~*~*~tactically~*~*~ (stealth).
  1013 | D:2      | 1013 ||| Stepping ~*~*~tactically~*~*~ (stealth).
  1036 | D:2      | Reached XP level 4. HP: 22/28 MP: 4/4
  1077 | D:2      | 1077 ||| DROPPING +0 mace.
  1249 | D:2      | 1249 ||| UPGRADING to +0 cloak.
  1254 | D:2      | 1254 ||| UPGRADING to ring of resist corrosion.
  1255 | D:2      | 1255 ||| READING scroll labelled DITAOL BUXADI.
  1407 | D:3      | Reached skill level 4 in Axes
  1535 | D:3      | 1535 ||| Stepping ~*~*~tactically~*~*~ (stealth).
  1656 | D:3      | 1656 ||| Stepping ~*~*~tactically~*~*~ (stealth).
  1845 | D:3      | 1845 ||| Stepping ~*~*~tactically~*~*~ (stealth).
  1997 | D:3      | Found a faded altar of an unknown god.
  2000 | D:3      | 2000 ||| UPGRADING to ring of protection from fire.
  2001 | D:3      | 2001 ||| READING scroll labelled NYKIMA TYCLUO.
  2002 | D:3      | 2002 ||| READING scroll labelled QEWKASS VANA.
  2003 | D:3      | 2003 ||| DRINKING 2 puce potions.
  2037 | D:4      | Noticed a sky beast
  2050 | D:4      | 2050 ||| STAIRDANCE
  2062 | D:3      | Killed a sky beast
  2063 | D:3      | Reached skill level 5 in Axes
  2063 | D:3      | Reached XP level 5. HP: 29/32 MP: 5/5
  2137 | D:4      | Found a basalt altar of Yredelemnul.
  2202 | D:4      | 2202 ||| Stepping ~*~*~tactically~*~*~ (stealth).
  2211 | D:4      | Noticed an ice beast
  2220 | D:4      | Killed an ice beast
  2221 | D:4      | Reached XP level 6. HP: 39/39 MP: 6/6
  2334 | D:4      | Found a shimmering altar of Xom.
  2584 | D:4      | Reached skill level 1 in Dodging
  2584 | D:4      | Found an iron altar of Okawaru.
  2585 | D:4      | 2585 ||| PLANNING OKAWARU WORSHIP
  2585 | D:4      | 2585 ||| READING 2 scrolls labelled VUR JE ETACWE.
  2590 | D:4      | 2590 ||| READING scroll labelled OLYVOI RALLA.
  2591 | D:4      | 2591 ||| DRINKING 2 white potions.
  2626 | D:4      | Became a worshipper of Warmaster Okawaru
  2627 | D:4      | 2627 ||| PLANNING D:1-11
  2714 | D:4      | Found a staircase to the Ecumenical Temple.
  2732 | D:4      | 2732 ||| READING 2 scrolls of identify.
  2732 | D:4      | 2732 ||| IDENTIFYING amethyst potion
  2763 | D:5      | Entered Level 5 of the Dungeon
  2776 | D:5      | 2776 ||| Stepping ~*~*~tactically~*~*~ (stealth).
  2811 | D:5      | Reached XP level 7. HP: 31/44 MP: 7/7
  2876 | D:5      | 2876 ||| Stepping ~*~*~tactically~*~*~ (stealth).
  2925 | D:5      | Reached skill level 6 in Axes
  2982 | D:5      | 2982 ||| DROPPING +0 flail.
  3289 | D:5      | 3289 ||| Stepping ~*~*~tactically~*~*~ (stealth).
  3290 | D:5      | 3290 ||| Stepping ~*~*~tactically~*~*~ (stealth).
  3292 | D:5      | 3292 ||| Stepping ~*~*~tactically~*~*~ (stealth).
  3295 | D:5      | Reached * piety under Okawaru
  3537 | D:5      | 3537 ||| READING scroll labelled SUSUAZ ADWOTZY.
  3538 | D:5      | 3538 ||| READING 2 scrolls of identify.
  3538 | D:5      | 3538 ||| IDENTIFYING emerald potion
  3564 | D:6      | 3564 ||| Stepping ~*~*~tactically~*~*~ (stealth).
  3578 | D:6      | Reached skill level 1 in Invocations
  3594 | D:6      | 3594 ||| Stepping ~*~*~tactically~*~*~ (hiding).
  3595 | D:6      | 3595 ||| Stepping ~*~*~tactically~*~*~ (hiding).
  3651 | D:6      | Reached skill level 7 in Axes
  3651 | D:6      | Reached XP level 8. HP: 43/48 MP: 9/9
  3696 | D:6      | 3696 ||| Stepping ~*~*~tactically~*~*~ (stealth).
  3723 | D:6      | 3723 ||| Stepping ~*~*~tactically~*~*~ (stealth).
  3725 | D:6      | 3725 ||| Stepping ~*~*~tactically~*~*~ (stealth).
  3732 | D:6      | 3732 ||| INVOKING Heroism.
  3746 | D:6      | 3746 ||| INVOKING Heroism.
  3755 | D:6      | HP: 12/49 [something (2)]
  3756 | D:6      | 3756 ||| READING 2 scrolls of teleportation.
  3756 | D:6      | HP: 5/49 [orc priest/+0 trident (4)]
  3757 | D:6      | 3757 ||| DRINKING 2 potions of heal wounds.
  3843 | D:6      | 3843 ||| READING scroll of enchant armour.
  3843 | D:6      | 3843 ||| ENCHANTING +0 helmet.
  3870 | D:6      | 3870 ||| Stepping ~*~*~tactically~*~*~ (stealth).
  3877 | D:6      | 3877 ||| Stepping ~*~*~tactically~*~*~ (stealth).
  3879 | D:6      | 3879 ||| Stepping ~*~*~tactically~*~*~ (stealth).
  3897 | D:6      | Reached skill level 3 in Invocations
  4195 | D:6      | 4195 ||| Stepping ~*~*~tactically~*~*~ (stealth).
  4197 | D:6      | 4197 ||| INVOKING Heroism.
  4367 | D:6      | 4367 ||| INVOKING Heroism.
  4370 | D:6      | 4370 ||| Stepping ~*~*~tactically~*~*~ (hiding).
  4456 | D:6      | 4456 ||| INVOKING Heroism.
  4581 | D:6      | 4581 ||| UPGRADING to +0 chain mail.
  4591 | D:6      | 4591 ||| DROPPING +0 scale mail.
  4592 | D:6      | 4592 ||| UPGRADING to ring of see invisible.
  4594 | D:6      | 4594 ||| READING scroll labelled ZIETIE KIATY.
  4619 | D:7      | 4619 ||| PLANNING OSSUARY
  4629 | D:7      | Reached skill level 8 in Axes
  4672 | D:7      | 4672 ||| Stepping ~*~*~tactically~*~*~ (stealth).
  4698 | D:7      | 4698 ||| INVOKING Heroism.
  4785 | D:7      | 4785 ||| Stepping ~*~*~tactically~*~*~ (hiding).
  4792 | D:7      | 4792 ||| DRINKING potion of curing.
  4792 | D:7      | 4792 ||| (to cure confusion)
  4793 | D:7      | 4793 ||| INVOKING Heroism.
  4796 | D:7      | 4796 ||| Stepping ~*~*~tactically~*~*~ (hiding).
  4798 | D:7      | 4798 ||| Stepping ~*~*~tactically~*~*~ (hiding).
  4813 | D:7      | 4813 ||| INVOKING Heroism.
  4821 | D:7      | Reached skill level 6 in Fighting
  4821 | D:7      | Reached XP level 9. HP: 56/56 MP: 9/12
  4854 | D:7      | Found a sand-covered staircase.
  4855 | D:7      | 4855 ||| READING scroll labelled LUDUN OSABLAPS.
  4856 | D:7      | 4856 ||| READING 2 scrolls of identify.
  4856 | D:7      | 4856 ||| IDENTIFYING glowing amethyst potion
  4869 | Ossuary  | Entered an ossuary
  5208 | Ossuary  | 5208 ||| READING scroll labelled WUETASKAHAI.
  5209 | Ossuary  | 5209 ||| DRINKING 2 clear potions.
  5210 | Ossuary  | 5210 ||| DRINKING 3 yellow potions.
  5250 | Ossuary  | 5250 ||| READING 3 scrolls of identify.
  5250 | Ossuary  | 5250 ||| IDENTIFYING bubbling cyan potion
  5251 | Ossuary  | 5251 ||| READING 2 scrolls of identify.
  5251 | Ossuary  | 5251 ||| IDENTIFYING glowing grey potion
  5252 | Ossuary  | 5252 ||| DROPPING potion of brilliance.
  5253 | Ossuary  | 5253 ||| DROPPING potion of berserk rage.
  5254 | Ossuary  | 5254 ||| DROPPING potion of degeneration.
  5268 | D:7      | 5268 ||| PLANNING D:1-11
  5337 | D:7      | 5337 ||| INVOKING Heroism.
  5346 | D:7      | Reached skill level 9 in Axes
  5417 | D:7      | Noticed a hornet
  5426 | D:7      | 5426 ||| INVOKING Heroism.
  5433 | D:7      | Killed a hornet
  5673 | D:7      | 5673 ||| Stepping ~*~*~tactically~*~*~ (hiding).
  5674 | D:7      | 5674 ||| Stepping ~*~*~tactically~*~*~ (hiding).
  5677 | D:7      | 5677 ||| Stepping ~*~*~tactically~*~*~ (hiding).
  5678 | D:7      | 5678 ||| Stepping ~*~*~tactically~*~*~ (hiding).
  5679 | D:7      | 5679 ||| Stepping ~*~*~tactically~*~*~ (hiding).
  5680 | D:7      | 5680 ||| Stepping ~*~*~tactically~*~*~ (hiding).
  5699 | D:7      | 5699 ||| Stepping ~*~*~tactically~*~*~ (stealth).
  5701 | D:7      | 5701 ||| Stepping ~*~*~tactically~*~*~ (stealth).
  5704 | D:7      | 5704 ||| Stepping ~*~*~tactically~*~*~ (stealth).
  5705 | D:7      | 5705 ||| Stepping ~*~*~tactically~*~*~ (stealth).
  5722 | D:7      | 5722 ||| DRINKING potion of curing.
  5722 | D:7      | 5722 ||| (to cure confusion)
  5742 | D:7      | 5742 ||| INVOKING Heroism.
  5908 | D:7      | Reached skill level 1 in Throwing
  5972 | D:7      | 5972 ||| READING 2 scrolls of identify.
  5972 | D:7      | 5972 ||| IDENTIFYING fuming red potion
  6049 | D:8      | 6049 ||| INVOKING Heroism.
  6162 | D:8      | Reached ** piety under Okawaru
  6168 | D:8      | Reached XP level 10. HP: 53/63 MP: 13/13
  6255 | D:8      | 6255 ||| INVOKING Heroism.
  6259 | D:8      | Reached skill level 10 in Axes
  6370 | D:8      | 6370 ||| Stepping ~*~*~tactically~*~*~ (hiding).
  6373 | D:8      | 6373 ||| Stepping ~*~*~tactically~*~*~ (hiding).
  6390 | D:8      | 6390 ||| INVOKING Heroism.
  6410 | D:8      | 6410 ||| INVOKING Heroism.
  6433 | D:8      | 6433 ||| FLEEEEING.
  6509 | D:8      | Identified the +1 mace of Articulation {elec, Fragile rPois
                  | MP+9 SInv}
  6523 | D:8      | 6523 ||| INVOKING Heroism.
  6560 | D:8      | 6560 ||| FLEEEEING.
  6561 | D:8      | 6561 ||| FLEEEEING.
  6655 | D:8      | 6655 ||| Stepping ~*~*~tactically~*~*~ (stealth).
  6656 | D:8      | 6656 ||| Stepping ~*~*~tactically~*~*~ (stealth).
  6947 | D:8      | 6947 ||| INVOKING Heroism.
  6950 | D:8      | Reached *** piety under Okawaru
  6952 | D:8      | Reached skill level 11 in Axes
  7165 | D:8      | 7165 ||| Stepping ~*~*~tactically~*~*~ (stealth).
  7167 | D:8      | 7167 ||| Stepping ~*~*~tactically~*~*~ (hiding).
  7293 | D:8      | 7293 ||| UPGRADING to +0 plate armour.
  7303 | D:8      | 7303 ||| DROPPING +0 chain mail.
  7304 | D:8      | 7304 ||| READING scroll labelled DIMEUPROGG.
  7305 | D:8      | 7305 ||| READING 2 scrolls of identify.
  7305 | D:8      | 7305 ||| IDENTIFYING glowing emerald potion
  7368 | D:9      | 7368 ||| Stepping ~*~*~tactically~*~*~ (hiding).
  7385 | D:9      | Reached skill level 6 in Armour
  7414 | D:9      | Noticed a two-headed ogre
  7415 | D:9      | 7415 ||| INVOKING Heroism.
  7422 | D:9      | Killed a two-headed ogre
  7428 | D:9      | Reached XP level 11. HP: 47/69 MP: 12/14
  7435 | D:9      | Reached **** piety under Okawaru
  7438 | D:9      | Noticed an eight-headed hydra
  7442 | D:9      | Reached skill level 9 in Fighting
  7442 | D:9      | 7442 ||| FLEEEEING.
  7443 | D:9      | 7443 ||| FLEEEEING.
  7444 | D:9      | 7444 ||| FLEEEEING.
  7445 | D:9      | 7445 ||| STAIRDANCE
  7594 | D:9      | 7594 ||| STAIRDANCE
  7596 | D:8      | 7596 ||| INVOKING Heroism.
  7597 | D:8      | 7597 ||| SWAPPING to +1 flail of holy wrath.
  7598 | D:8      | HP: 16/71 [eight-headed hydra (11)]
  7599 | D:8      | 7599 ||| READING scroll of teleportation.
  7599 | D:8      | HP: 6/71 [eight-headed hydra (10)]
  7600 | D:8      | 7600 ||| DRINKING 2 potions of heal wounds.
  7601 | D:8      | HP: 1/71 [eight-headed hydra (8)]
  7602 | D:8      | 7602 ||| DRINKING potion of heal wounds.
  7605 | D:8      | 7605 ||| SWAPPING to +1 war axe of protection.
  7835 | D:9      | 7835 ||| INVOKING Heroism.
  7839 | D:9      | Received a gift from Okawaru
  7865 | D:9      | 7865 ||| STAIRDANCE
  7940 | D:9      | 7940 ||| INVOKING Heroism.
  7977 | D:9      | 7977 ||| Stepping ~*~*~tactically~*~*~ (hiding).
  7985 | D:9      | 7985 ||| Stepping ~*~*~tactically~*~*~ (hiding).
  7993 | D:9      | 7993 ||| DRINKING potion of curing.
  7993 | D:9      | 7993 ||| (to cure confusion)
  7998 | D:9      | 7998 ||| INVOKING Heroism.
  8136 | D:9      | Noticed Maggie
  8138 | D:9      | Noticed a deep elf pyromancer
  8149 | D:9      | 8149 ||| INVOKING Heroism.
  8155 | D:9      | Killed Maggie
  8159 | D:9      | Killed a deep elf pyromancer
  8165 | D:9      | 8165 ||| INVOKING Heroism.
  8330 | D:9      | Noticed Amaemon
  8331 | D:9      | 8331 ||| INVOKING Heroism.
  8348 | D:9      | Killed Amaemon
  8435 | D:9      | Reached skill level 12 in Axes
  8586 | D:9      | Reached skill level 6 in Shields
  8588 | D:9      | 8588 ||| INVOKING Heroism.
  8678 | D:9      | Found a staircase to the Lair.
  8725 | D:9      | 8725 ||| Stepping ~*~*~tactically~*~*~ (hiding).
  8733 | D:9      | 8733 ||| Stepping ~*~*~tactically~*~*~ (water).
  8742 | D:9      | 8742 ||| INVOKING Heroism.
  8746 | D:9      | Identified the +10 great sword of Dissatisfaction {vamp,
                  | Str+4 Int-2}
  8754 | D:9      | Noticed a soul eater
  8756 | D:9      | Noticed a tengu warrior
  8760 | D:9      | Noticed a tengu warrior
  8768 | D:9      | HP: 13/71 [tengu warrior/+2 war axe (6)]
  8769 | D:9      | HP: 2/71 [tengu warrior/+2 war axe (5)]
  8776 | D:9      | Slain by a tengu warrior

Levels and vault maps discovered:
D:1:      dpeg_arrival_shelter, layout_rooms, kennysheep_another_room
D:2:      layout_rooms, nicolae_concentric_dashed_squares_wild,
          nrook_loot_triangle, kennysheep_minor_cross, serial_bayou_pond_d,
          minmay_bisected
D:3:      layout_basic, dilly_ecumenical_altar_fadedgnrine
D:4:      layout_rooms, old_standard_altar, mainiacjoe_overflow_alcove_4,
          amcnicky_altar_gilded, minmay_temple_entry_poolview
D:5:      layout_loops_cross, dk_noncrumbling_4
D:6:      layout_basic
D:7:      layout_loops_cross, enter_ossuary_4
D:8:      layout_gridville
D:9:      nzn_winding_woodlands_stair_cross
          [nzn_winding_woodlands_5x15_longhouse,
          nzn_winding_woodlands_center_garden,
          nzn_winding_woodlands_5x15_jagged, nzn_winding_woodlands_5x5_cross,
          nzn_winding_woodlands_5x5_three, nzn_winding_woodlands_5x15_twine,
          nzn_winding_woodlands_center_triple_pond,
          nzn_winding_woodlands_5x15_sawtooth], layout_irregular_city,
          david_lair_generic, serial_rivers, chequers_serial_rivers_micro_c,
          chequers_serial_rivers_room_b, chequers_serial_rivers_micro_a,
          chequers_serial_rivers_small_b, chequers_serial_rivers_micro_c,
          chequers_serial_rivers_micro_d, uniq_maggie, uniq_amaemon

Skill      XL: |  1  2  3  4  5  6  7  8  9 10 11 |
---------------+----------------------------------+-----
Axes           | 2 3 5 7 8 9 11 12 | 12.0
Fighting       | 4 6 7 8 9 |  9.0
Dodging        | 1 2 |  2.1
Invocations    | 2 4 |  4.8
Armour         | 4 5 7 8 |  8.6
Shields        | 4 5 6 |  6.0
Throwing       | 2 |  2.3

Action                     |  1- 3 |  4- 6 |  7- 9 | 10-12 || total
---------------------------+-------+-------+-------+-------++-------
  Melee: War axe           |   107 |   130 |   469 |   350 ||  1056
         Flail             |       |       |       |     4 ||     4
  Throw: Boomerang         |       |       |     7 |    64 ||    71
 Invoke: Heroism           |       |       |    12 |    15 ||    27
    Use: Scroll            |     2 |     6 |    11 |     3 ||    22
         Potion            |       |     2 |     5 |     3 ||    10
 Armour: Scale mail        |    64 |    80 |    92 |       ||   236
         Chain mail        |       |       |   261 |    54 ||   315
         Plate armour      |       |       |       |   238 ||   238
  Dodge: Dodged            |    43 |    51 |   212 |   166 ||   472
  Block: Buckler           |    17 |    24 |    97 |   107 ||   245

Table legend:
 A = Non-vault XP
 B = Vault XP
 C = Vault XP percentage of total XP
 D = Non-vault monster count
 E = Vault monster count
 F = Vault count percentage of total count
                 A         B        C        D         E       F
            +---------+---------+-------+---------+---------+-------
      Total |    9905 |    6101 |  38.1 |     215 |      69 |  24.3
            +---------+---------+-------+---------+---------+-------
        D:1 |      43 |       0 |   0.0 |      23 |       0 |   0.0
        D:2 |      50 |       5 |   9.1 |      15 |       3 |  16.7
        D:3 |     146 |       0 |   0.0 |      13 |       0 |   0.0
        D:4 |     282 |       0 |   0.0 |      16 |       0 |   0.0
        D:5 |     483 |       0 |   0.0 |      16 |       0 |   0.0
        D:6 |     863 |       0 |   0.0 |      23 |       0 |   0.0
        D:7 |    1405 |       2 |   0.1 |      31 |       2 |   6.1
        D:8 |    4276 |       0 |   0.0 |      47 |       0 |   0.0
        D:9 |    2357 |    5694 |  70.7 |      31 |      25 |  44.6
    Ossuary |       0 |     400 | 100.0 |       0 |      39 | 100.0
            +---------+---------+-------+---------+---------+-------
